 Dungeon Crawl Stone Soup version 0.31-a0-569-g7ea453304b (webtiles) character file.

Game seed: 9505013295953555594

80959 GordonOverkill the Thaumaturge (level 15, -2/80 HPs)
             Began as a Vine Stalker Delver on Aug 18, 2023.
             Was a High Priest of Sif Muna.
             Slain by a +3 long sword (17 damage)
             ... on level 13 of the Dungeon.
             The game lasted 01:03:32 (29414 turns).

GordonOverkill the Thaumaturge (VSDe)              Turns: 29414, Time: 01:03:33

Health: -2/80      AC:  7    Str: 17    XL:     15   Next: 68%
Magic:  0/41       EV: 20    Int: 22    God:    Sif Muna [*****.]
Gold:   1529       SH:  0    Dex: 20    Spells: 21/39 levels left

rFire   . . .        b - +7 spear of Massacring {heavy, *Noise rElec rPois Dex+5}
rCold   . . .        (no shield)
rNeg    . . .        G - +0 steam dragon scales
rPois   +            n - +0 helmet
rElec   +            v - scarf of Ecaekhau {+Inv, Contam rPois MP+9 Stlth-}
rCorr   .            r - +0 pair of gloves
SInv    .            F - +3 pair of seven-league boots {Rampage+∞}
Will    +....        e - amulet of magic regeneration
Stlth   ++           a - ring "Diyneasu" {rPois EV+5 Slay+3}
HPRegen 1.13/turn    L - +6 ring of intelligence
MPRegen 0.67/turn

%: guardian spirit, rampage+∞
@: corroded, very slightly contaminated, unable to drink
A: fangs 3, regeneration 1, magic shield, antimagic bite, no potion heal 2,
inability to drink after injury 1
a: Renounce Religion, Evoke Invisibility, Channel Magic, Forget Spell, Divine
Exegesis


You were on level 13 of the Dungeon.
You worshipped Sif Muna.
Sif Muna was extremely pleased with you.
You visited 3 branches of the dungeon, and saw 20 of its levels.
You also visited: Ice Cave.

You collected 1974 gold pieces.
You spent 445 gold pieces at shops.

Inventory:

Hand Weapons
 b - the +7 spear of Massacring (weapon) {heavy, *Noise rElec rPois Dex+5}
   (You found it on level 2 of the Dungeon)

   Dex+5:     It affects your dexterity (+5).
   rElec:     It insulates you from electricity.
   rPois:     It protects you from poison *Noise: It may make a loud noise when
   swung.
 o - the +10 flail "Olotuxog" {freeze, Int+4}
   (You found it on level 2 of the Dungeon)

   Int+4:     It affects your intelligence (+4).
Missiles
 p - 7 throwing nets
Armour
 n - a +0 helmet (worn)
 q - a +0 robe of resistance
 r - a +0 pair of gloves (worn)
 u - a +2 cloak of cold resistance
 v - the scarf of Ecaekhau (worn) {+Inv, Contam rPois MP+9 Stlth-}
   (You found it on level 7 of the Dungeon)

   rPois:     It protects you from poison MP+9: It affects your magic capacity
   (+9).
   Contam:    It causes magical contamination when unequipped.
   Stlth-:    It makes you less stealthy.
 F - the +3 pair of seven-league boots (worn) {Rampage+∞}
   (You found it on level 12 of the Dungeon)

   Rampage+∞: When moving toward enemies, its wearer moves as far as possible,
   alerting their target en route.
 G - +0 steam dragon scales (worn)
Jewellery
 a - the ring "Diyneasu" (left hand) {rPois EV+5 Slay+3}
   (You found it on level 2 of the Dungeon)

   [ring of evasion]

   EV+5:      It affects your evasion (+5).
   Slay+3:    It affects your accuracy & damage with ranged weapons and melee
   (+3).
   rPois:     It protects you from poison
 d - a ring of magical power
 e - an amulet of magic regeneration (around neck)
 s - a ring of see invisible
 C - a ring of willpower
 I - a ring of protection from fire
 L - a +6 ring of intelligence (right hand)
 P - a ring of ice
Wands
 g - a wand of digging (15)
 m - a wand of polymorph (11)
 y - a wand of paralysis (15)
 B - a wand of flame (45)
 D - a wand of iceblast (5)
 J - a wand of quicksilver (2)
Scrolls
 j - 2 scrolls of poison
 w - 8 scrolls of teleportation
 E - 5 scrolls of enchant weapon
 K - a scroll of summoning {unknown}
 M - a scroll of fog
 N - a scroll of brand weapon
 O - 2 scrolls of silence
 Q - 2 scrolls of amnesia {unknown}
Potions
 c - 2 potions of magic
 h - 10 potions of curing
 i - 4 potions of lignification
 k - 3 potions of might
 l - 5 potions of enlightenment
 t - 2 potions of cancellation
 x - 2 potions of brilliance
 z - 4 potions of mutation
 A - a potion of resistance
Miscellaneous
 f - a phial of floods
 H - a box of beasts


   Skills:
 - Level 10.0 Fighting
 - Level 1.7 Short Blades
 - Level 2.0 Polearms
 - Level 5.0 Dodging
 - Level 6.0 Stealth
 + Level 12.8 Spellcasting
 + Level 11.8 Conjurations
 - Level 10.0 Fire Magic
 + Level 11.8 Earth Magic
 - Level 10.0 Invocations


You had 21 spell levels left.
You knew the following spells:

 Your Spells              Type           Power      Damage    Failure   Level
a - Stone Arrow           Conj/Erth      100%       3d13      1%          3
b - Sticky Flame          Conj/Fire      58%        2d7       1%          4
c - Passwall              Tmut/Erth      33%        N/A       1%          2
d - Swiftness             Air            14%        N/A       14%         3
e - Leda's Unmaking       Conj/Erth      30%        9d5       5%          6

Your spell library contained the following spells:

 Spells                   Type           Power      Damage    Failure   Level
 Foxfire                  Conj/Fire      100%       2x1d9     1%          1
 Kiss of Death            Conj/Necr      100%       2d13      1%          1
 Magic Dart               Conj           100%       1d8       1%          1
 Sandblast                Erth           100%       2d20      1%          1
 Shock                    Conj/Air       100%       1d9       1%          1
 Static Discharge         Conj/Air       80%        2-6/arc   1%          2
 Inner Flame              Hex/Fire       36%        N/A       1%          3
 Volatile Blastmotes      Fire/Tloc      72%        2d16      1%          3
 Flame Wave               Conj/Fire      58%        2d14      1%          4
 Lee's Rapid Deconstruct  Erth           30%        3d16*     1%          5
 Mephitic Cloud           Conj/Pois/Air  31%        N/A       2%          3
 Freeze                   Ice            56%        1d7       4%          1
 Slow                     Hex            56%        N/A       4%          1
 Summon Small Mammal      Summ           56%        N/A       4%          1
 Animate Armour           Summ/Erth      80%        N/A       4%          4
 Call Imp                 Summ           28%        N/A       7%          2
 Cigotuvi's Dreadful Rot  Necr/Pois/Air  28%        N/A       7%          2
 Ensorcelled Hibernation  Hex/Ice        28%        N/A       7%          2
 Lesser Beckoning         Tloc           28%        N/A       7%          2
 Starburst                Conj/Fire      29%        6d9       8%          6
 Borgnjor's Vile Clutch   Necr/Erth      20%        N/A       11%         5
 Call Canine Familiar     Summ           14%        N/A       14%         3
 Gell's Gravitas          Tloc           14%        N/A       14%         3
 Summon Guardian Golem    Hex/Summ       14%        N/A       14%         3
 Teleport Other           Tloc           14%        N/A       14%         3
 Vhi's Electric Charge    Tloc/Air       28%        N/A       14%         3
 Freezing Cloud           Conj/Ice/Air   15%        6-21      24%         5
 Airstrike                Air            7%         2d(1-17)  41%         4
 Summon Lightning Spire   Summ/Air       14%        N/A       41%         4
 Plasma Beam              Fire/Air       18%        2x1d29    65%         6
 Metabolic Englaciation   Hex/Ice        7%         N/A       77%         5
 Summon Forest            Summ/Tloc      7%         N/A       77%         5
 Yara's Violent Unravell  Hex/Tmut       7%         3d5       77%         5
 Lehudib's Crystal Spear  Conj/Erth      30%        10d8      93%         8
 Dispersal                Tloc           7%         N/A       100%        6
 Eringya's Noxious Bog    Tmut/Pois      7%         4d6       100%        6
 Summon Hydra             Summ           7%         N/A       100%        7
 Discord                  Hex            7%         N/A       100%        8
 Shatter                  Erth           30%        3d25*     100%        9


Dungeon Overview and Level Annotations

Branches:
Dungeon (13/15)            Temple (0/1) D:7            Lair (5/5) D:8
  Swamp (0/4) Lair:2        Snake (0/4) Lair:3        Slime (0/5) Lair:4
    Orc (2/2) D:10            Elf (0/3) Orc:2         IceCv (visited)
 Vaults: D:13-14

Altars:
Fedhas
Kikubaaqudgha
Sif Muna
Trog
Zin
The Shining One
Jiyva

Shops:
Orc:1 *   Orc:2 =[:?*

Portals:
Pandemonium: Orc:2
Trove: D:11 (give +2 gold dragon scales)

Annotations:
D:10 2 transporters, 2 runed translucent doors, Seven7's ghost, journeyman MiFi
Lair:1 3 runed translucent doors, Ethylacetat's ghost, journeyman OpGl; atomjack's ghost, journeyman MfSh; flt's ghost, novice FeSh


Innate Abilities, Weirdness & Mutations

You have razor-sharp teeth.
Your natural rate of healing is unusually fast.
When hurt, damage is shared between your health and your magic reserves.
Your bite disrupts and absorbs the magic of your enemies.
Potions cannot restore your health.
You occasionally lose the ability to drink potions when taking damage.


Message History

You miscast Leda's Unmaking.
You are very lightly contaminated with residual magic.
You are hit by flying rocks.
Casting: Leda's Unmaking (dangerous; 5% risk of failure)
Confirm with . or Enter, or press ? or * to list all spells.
Aiming: Leda's Unmaking (dangerous; 5% risk of failure)
Press: ? - help, Shift-Dir - straight line, f/p - +3 long sword
Aim: a +3 long sword (48% to hit)
The entropic shot misses the +3 long sword.
The +3 long sword hits you!
Casting: Leda's Unmaking (dangerous; 5% risk of failure)
Confirm with . or Enter, or press ? or * to list all spells.
Aiming: Stone Arrow (safe; 1% risk of failure)
Press: ? - help, Shift-Dir - straight line, f/p - +3 long sword
Aim: a +3 long sword (55% to hit)
The stone arrow hits the +3 long sword!
The +3 long sword is moderately damaged.
The +3 long sword hits you!!
* * * LOW HITPOINT WARNING * * *
The +3 long sword completely misses you.
Casting: Stone Arrow (safe; 1% risk of failure)
Confirm with . or Enter, or press ? or * to list all spells.
Aiming: Sticky Flame (mildly dangerous; 1% risk of failure)
Press: ? - help, Shift-Dir - straight line, f/p - +3 long sword
Aim: a +3 long sword (moderately damaged)
The sticky flame hits the +3 long sword.
The +3 long sword resists.
The +3 long sword is moderately damaged.
The +3 long sword is covered in liquid flames!
The +3 long sword burns!
The +3 long sword hits you!
* * * LOW HITPOINT WARNING * * *
You puncture the +3 long sword!
The +3 long sword is severely damaged.
The +3 long sword burns!
The +3 long sword hits you!
* * * LOW HITPOINT WARNING * * *
The +3 long sword hits you!!
You feel threatened and lose the ability to drink potions!
* * * LOW HITPOINT WARNING * * *
The +3 long sword hits you!!
You die...

...........# #.........
##...#####.# #..#######
#...# #.# #..# #...#
#.#####..# #...#
#........# ##...#
#........# .....#
#........# .....#
#.####...# .....# #.#
#.@.# .....# #.# #.(.#
.....# #.####......
.....# #.......~)[..
.....# #..............
.....# #..............
.....# #..............
###..#####..............
#...............#


You could see a +3 long sword (burning).

Vanquished Creatures
  A frost giant (IceCv)
  2 orc warlords (Orc:2)
  Azrael (Orc:2)
  Snorg (Orc:1)
  Erolcha (D:12)
  2 demonspawn (Orc:2)
  3 catoblepae
  2 hydras (Lair:5)
  A merfolk avatar (Lair:5)
  3 two-headed ogres
  A dancing weapon (D:13)
  2 boulder beetles
  7 death yaks (IceCv)
  4 orc high priests (Orc:2)
  Sonja (D:11)
  A soul eater (Orc:2)
  4 skysharks
  A sea snake (Lair:5)
  6 orc knights
  A phantasmal warrior (D:12)
  3 manticores
  8 orc sorcerers (Orc:2)
  6 cyclopes
  A guardian serpent (D:12)
  21 elephants
  4 black mambas
  A rust devil (Orc:2)
  A smoke demon (Orc:2)
  11 rime drakes
  2 gargoyles (D:12)
  An ice statue (IceCv)
  Psyche (D:11)
  A kobold demonologist (D:9)
  9 cane toads
  10 komodo dragons
  An efreet (D:12)
  2 ice devils (Orc:2)
  4 trolls
  10 polar bears
  A hornet (Lair:5)
  A snapping turtle (Lair:5)
  14 blink frogs
  A shadow (D:11)
  2 wraiths (D:12)
  A ynoxinul (Orc:2)
  A fire elemental (Orc:2)
  6 wyverns
  44 yaks
  5 steam dragons
  2 basilisks (Lair:1)
  A neqoxec (Orc:2)
  3 vampire mosquitoes (D:11)
  3 wargs (Orc:2)
  2 nagas (Lair:3)
  11 water moccasins
  5 acid dragons
  36 orc warriors
  6 hell hounds
  A swamp drake (Lair:2)
  2 ice beasts
  A black bear (D:4)
  7 ogres
  21 wolves
  2 centaurs
  2 phantoms
  6 kobold brigands
  5 gnoll sergeants
  10 bullfrogs
  21 wights
  6 killer bees (D:9)
  3 howler monkeys
  2 electric eels
  28 orc priests
  5 hounds
  6 sleepcaps
  4 iguanas
  7 orc wizards
  22 gnolls
  10 adders
  2 worms (D:2)
  3 dart slugs
  80 orcs
  7 endoplasms
  12 giant cockroaches
  2 hobgoblins
  6 jackals
  2 quokkas
  6 ball pythons
  5 bats
  4 frilled lizards
  7 goblins
  48 kobolds
  11 rats
653 creatures vanquished.

Vanquished Creatures (others)
  A rime drake (IceCv)
1 creature vanquished.

Grand Total: 654 creatures vanquished

Notes
Turn   | Place    | Note
-------+----------+-------------------------------------------
     0 | D:5      | GordonOverkill the Vine Stalker Delver began the quest for
                  | the Orb.
     0 | D:5      | Reached XP level 1. HP: 11/11 MP: 2/2
    22 | D:6      | Noticed a kobold brigand
    83 | D:5      | Noticed an ice beast
    98 | D:5      | Noticed a hound
   156 | D:5      | Found an ancient bone altar of Kikubaaqudgha.
   156 | D:5      | Noticed an ogre
   180 | D:5      | Noticed an ogre
   186 | D:5      | Noticed a hound
   188 | D:5      | Noticed a phantom
   275 | D:4      | Found a shimmering blue altar of Sif Muna.
   275 | D:4      | Found a bloodstained altar of Trog.
   277 | D:4      | Found a glowing golden altar of the Shining One.
   279 | D:4      | Became a worshipper of Sif Muna the Loreminder
   547 | D:4      | Noticed a black bear
   636 | D:3      | Noticed a hound
   640 | D:3      | Reached XP level 2. HP: 13/16 MP: 3/3
   703 | D:2      | Got the Commentary on Frigorific Inhalation
   710 | D:2      | Identified the +7 spear of Massacring {heavy, *Noise rElec
                  | rPois Dex+5}
   769 | D:1      | Reached XP level 3. HP: 20/20 MP: 5/5
   825 | D:1      | Reached skill level 1 in Conjurations
   825 | D:1      | Reached skill level 1 in Earth Magic
   883 | D:1      | Reached skill level 1 in Invocations
   901 | D:1      | Reached skill level 1 in Spellcasting
  1064 | D:1      | Learned a level 3 spell: Stone Arrow
  1826 | D:2      | Identified the ring "Diyneasu" {rPois EV+5 Slay+3}
  1933 | D:2      | Found a faded altar of an unknown god.
  2065 | D:2      | Reached * piety under Sif Muna
  2070 | D:2      | Gained mutation: Your natural rate of healing is unusually
                  | fast. [Vine Stalker growth]
  2070 | D:2      | Reached XP level 4. HP: 24/24 MP: 6/6
  2394 | D:2      | Identified the +10 flail "Olotuxog" {freeze, Int+4}
  2491 | D:3      | Reached XP level 5. HP: 28/28 MP: 8/8
  2698 | D:3      | Reached skill level 2 in Spellcasting
  3060 | D:3      | Found a blossoming altar of Fedhas.
  3061 | D:3      | Reached ** piety under Sif Muna
  3404 | D:4      | Killed a black bear
  3405 | D:4      | Reached XP level 6. HP: 32/32 MP: 10/10
  3530 | D:4      | Reached skill level 1 in Polearms
  3797 | D:4      | Reached skill level 3 in Spellcasting
  3797 | D:4      | Reached XP level 7. HP: 36/36 MP: 12/12
  3862 | D:4      | Identified the +6 spear of the Valley of Death {elec,
                  | *Corrode rElec Will- Str+8}
  4317 | D:5      | Reached skill level 4 in Spellcasting
  4317 | D:5      | Gained mutation: You have razor-sharp teeth. [Vine Stalker
                  | growth]
  4317 | D:5      | Reached XP level 8. HP: 40/40 MP: 15/15
  4558 | D:5      | Learned a level 4 spell: Sticky Flame
  5020 | D:6      | Reached *** piety under Sif Muna
  5269 | D:7      | Reached skill level 5 in Spellcasting
  5269 | D:7      | Reached skill level 5 in Conjurations
  5269 | D:7      | Reached skill level 5 in Earth Magic
  5629 | D:7      | Identified the scarf of Ecaekhau {+Inv, Contam rPois MP+9
                  | Stlth-}
  5792 | D:7      | Reached XP level 9. HP: 44/44 MP: 18/18
  5982 | D:7      | Found a glowing silver altar of Zin.
  6081 | D:7      | Found a staircase to the Ecumenical Temple.
  6543 | D:8      | Reached skill level 6 in Spellcasting
  7077 | D:8      | Found a staircase to the Lair.
  7110 | D:8      | Reached **** piety under Sif Muna
  7137 | D:8      | Reached skill level 7 in Spellcasting
  7492 | D:8      | Reached XP level 10. HP: 43/49 MP: 21/21
  7567 | D:8      | Reached skill level 5 in Invocations
  8676 | D:9      | Noticed a kobold demonologist
  8697 | D:9      | Reached skill level 5 in Fighting
  8716 | D:9      | Killed a kobold demonologist
  8717 | D:9      | Reached skill level 1 in Fire Magic
  9145 | D:9      | Reached skill level 8 in Spellcasting
  9382 | D:9      | Noticed a two-headed ogre
  9394 | D:9      | Killed a two-headed ogre
  9395 | D:9      | Reached skill level 5 in Fire Magic
  9570 | D:9      | Reached XP level 11. HP: 55/55 MP: 14/24
 10115 | D:9      | Learned a level 2 spell: Passwall
 10119 | D:9      | Learned a level 3 spell: Swiftness
 10140 | D:10     | Entered Level 10 of the Dungeon
 10170 | D:9      | Reached ***** piety under Sif Muna
 10170 | D:9      | Received a gift from Sif Muna
 10606 | D:10     | Found a staircase to the Orcish Mines.
 10609 | D:10     | Found a transporter.
 10723 | D:10     | Identified the +9 hand axe of Efiu {flame, Str+3}
 11173 | D:10     | Found a runed translucent door.
 11173 | D:10     | Found a runed translucent door.
 11173 | D:10     | Noticed a rakshasa
 11381 | D:10     | Found a transporter.
 11384 | D:10     | Noticed a moth of wrath
 11385 | D:10     | Found a bloodstained altar of Trog.
 11433 | D:10     | Reached skill level 9 in Spellcasting
 11565 | D:10     | Noticed a two-headed ogre
 11566 | D:10     | Noticed Seven7's ghost (journeyman MiFi)
 11578 | D:10     | Noticed a two-headed ogre
 11580 | D:10     | Noticed a tengu warrior
 11961 | D:11     | Noticed a cyclops
 11976 | D:11     | Noticed a manticore
 11989 | D:11     | Killed a manticore
 12004 | D:11     | Killed a cyclops
 12086 | D:11     | Noticed Psyche
 12186 | D:11     | Killed Psyche
 12260 | D:11     | Noticed a two-headed ogre
 12269 | D:11     | Killed a two-headed ogre
 12627 | D:11     | Found a portal to a secret trove of treasure.
 12729 | D:11     | Noticed Sonja
 12736 | D:11     | Killed Sonja
 12736 | D:11     | Received a gift from Sif Muna
 12737 | D:11     | Reached skill level 10 in Spellcasting
 12739 | D:11     | Got Sif Muna's Compilation of Destined Superposition {god
                  | gift}
 12927 | D:11     | Noticed a boulder beetle
 12941 | D:11     | Killed a boulder beetle
 12942 | D:11     | Reached skill level 10 in Conjurations
 12942 | D:11     | Reached XP level 12. HP: 60/60 MP: 27/27
 13139 | Lair:1   | Entered Level 1 of the Lair of Beasts
 14484 | Lair:1   | Found a runed translucent gate.
 14484 | Lair:1   | Found a runed translucent gate.
 14484 | Lair:1   | Found a runed translucent gate.
 14488 | Lair:1   | Noticed atomjack's ghost (journeyman MfSh)
 14488 | Lair:1   | Noticed Ethylacetat's ghost (journeyman OpGl)
 14488 | Lair:1   | Noticed flt's ghost (novice FeSh)
 14838 | Lair:2   | Found a staircase to the Swamp.
 15968 | Lair:3   | Found a staircase to the Snake Pit.
 15977 | Lair:3   | Reached XP level 13. HP: 63/65 MP: 28/28
 17427 | Lair:4   | Reached skill level 5 in Dodging
 18277 | Lair:4   | Found a viscous altar of Jiyva.
 18278 | Lair:4   | Found a staircase to the Slime Pits.
 18630 | Lair:5   | Entered Level 5 of the Lair of Beasts
 19294 | Lair:5   | Reached skill level 10 in Fire Magic
 19294 | Lair:5   | Reached skill level 10 in Earth Magic
 19574 | Lair:5   | Reached skill level 10 in Invocations
 19574 | Lair:5   | Reached XP level 14. HP: 72/72 MP: 29/29
 21171 | Orc:1    | Entered Level 1 of the Orcish Mines
 21179 | Orc:1    | Received a gift from Sif Muna
 21194 | Orc:1    | Got Sif Muna's Enchiridion on the Shot {god gift}
 21332 | Orc:1    | Reached skill level 11 in Spellcasting
 21864 | Orc:1    | Noticed Snorg
 21876 | Orc:1    | Killed Snorg
 22184 | Orc:1    | Found Waibur's General Store.
 22188 | Orc:1    | Bought a scroll of identify for 22 gold pieces
 22188 | Orc:1    | Bought a potion of curing for 33 gold pieces
 22450 | Orc:1    | Learned a level 6 spell: Leda's Unmaking
 22475 | Orc:2    | Entered Level 2 of the Orcish Mines
 22488 | Orc:2    | Noticed Azrael
 22576 | Orc:2    | Found a frozen archway.
 22617 | IceCv    | Entered an ice cave
 23841 | IceCv    | Noticed a frost giant
 24015 | IceCv    | Killed a frost giant
 24097 | IceCv    | Received a gift from Sif Muna
 24451 | Orc:2    | Killed Azrael
 24631 | Orc:2    | Noticed an orc warlord
 24705 | Orc:2    | Killed an orc warlord
 24995 | Orc:2    | Found a staircase to the Elven Halls.
 25202 | Orc:2    | Reached XP level 15. HP: 79/79 MP: 20/31
 25260 | Orc:2    | Noticed an orc warlord
 25311 | Orc:2    | Killed an orc warlord
 25312 | Orc:2    | Reached skill level 12 in Spellcasting
 25633 | Orc:2    | Received a gift from Sif Muna
 25655 | Orc:2    | Got Sif Muna's Tome of the Leaden Gestalt {god gift}
 26038 | Orc:2    | Found Tidalih's General Store.
 26041 | Orc:2    | Found Poapt's Magic Scroll Shoppe.
 26085 | Orc:2    | Gained mutation: You occasionally lose the ability to drink
                  | potions when taking damage. [a neqoxec]
 27550 | Orc:2    | Found Paebb's Jewellery Boutique.
 27693 | Orc:2    | Found Yfrocw's Book Boutique.
 27693 | Orc:2    | Found Houd's Antique Armour Shop.
 27694 | Orc:2    | Found a one-way gate leading to the halls of Pandemonium.
 27698 | Orc:2    | Reached skill level 10 in Fighting
 27893 | Orc:2    | Bought an amulet of magic regeneration for 390 gold pieces
 28218 | D:12     | Found the +3 pair of seven-league boots {Rampage+∞}
 28506 | D:12     | Noticed Erolcha
 28510 | D:12     | Killed Erolcha
 29414 | D:13     | Slain by a +3 long sword

Illustrated notes

Levels and vault maps discovered:
D:1:      ncdulo_halloftheorcs, layout_basic
D:2:      minmay_roachtagon, layout_loops_ring, shapermc_ecumenical_altar_ellora
D:3:      layout_loops_ring, pf_just_have_faith, minmay_goblin_kobold_house
D:4:      layout_basic, gammafunk_temple_overflow_forgotten,
          minmay_curled_crystal, minmay_quadrilaterals
D:5:      layout_loops_ring, lemuel_tele_altar, uniq_prince_ribbit1
D:6:      layout_gridville
D:7:      layout_basic, mainiacjoe_overflow_cross_hatched, temple_green
D:8:      layout_basic, lair_entry_dummy, minmay_misc_feat_nine_boxes
D:9:      layout_irregular_city, minmay_puff
D:10:     minmay_the_grid_triangle_9x9_rhombus_full
          [minmay_the_grid_triangle_9x9_flanged_cone,
          minmay_the_grid_triangle_9x9_tough_junction,
          minmay_the_grid_triangle_9x9_empty,
          minmay_the_grid_triangle_9x9_zippers_horizontal,
          minmay_the_grid_triangle_9x9_zippers_vertical,
          minmay_the_grid_triangle_9x9_negative_grid,
          minmay_the_grid_triangle_9x9_cache,
          minmay_the_grid_triangle_9x9_prize_schism], layout_stronghold,
          orc_0_dummy, gammafunk_ghost_wrathful_warriors
D:11:     layout_cave_pools, enter_trove_0, uniq_sonja, uniq_psyche
D:12:     layout_loops_ring, hellmonk_guarded_unrand_seven_league_boots,
          uniq_erolcha
D:13:     layout_small_grid, erik_vaults_1, serial_shops, shop,
          chequers_mini_garden
Lair:1:   layout_long_grid, gammafunk_ghost_cemetery, grunt_megastairs_4,
          serial_bayou_shore_b, infiniplex_staircase_pool
Lair:2:   layout_loops_ring, minmay_swamp_entry_reptiles, grunt_megastairs_5,
          infiniplex_staircase_pool_2
Lair:3:   layout_regular_city, guppyfry_snake_entry_garden, serial_bayou_shore_a
Lair:4:   layout_cave_pods, slime_entry_1
Lair:5:   gammafunk_lair_ancient_temple, layout_regular_city
Orc:1:    nicolae_orc_accident_2, layout_caves, serial_shops,
          nicolae_shop_back_alley_shop, nicolae_orc_pool_cavern, uniq_snorg
Orc:2:    pf_orc_diabolical, layout_diamond_mine, portal_ice_cave_demonic_guard,
          serial_shops, nicolae_shop_gibbet_a_chance, minmay_orc_barracks,
          uniq_azrael

Skill      XL: |  1  2  3  4  5  6  7  8  9 10 11 12 13 14 15 |
---------------+----------------------------------------------+-----
Fighting       | 3 5 6 7 9 10 | 10.0
Conjurations   | 1 2 3 5 7 10 11 | 11.8
Earth Magic    | 1 2 3 4 5 7 8 10 11 | 11.8
Invocations    | 1 2 3 4 6 7 10 | 10.0
Spellcasting   | 1 2 3 4 5 7 8 10 11 12 | 12.8
Polearms       | 1 2 |  2.0
Fire Magic     | 6 7 8 10 | 10.0
Dodging        | 4 5 |  5.0
Short Blades   | |  1.7
Stealth        | |  6.0

Action                     |  1- 3 |  4- 6 |  7- 9 | 10-12 | 13-15 || total
---------------------------+-------+-------+-------+-------+-------++-------
  Melee: Short sword       |    24 |       |       |       |       ||    24
         Bite              |     7 |     7 |    23 |    44 |   142 ||   223
         Spear             |    55 |    78 |   124 |   153 |   268 ||   678
         Punch             |       |     2 |       |     2 |     6 ||    10
   Cast: Stone Arrow       |       |       |    71 |   255 |   345 ||   671
         Sticky Flame      |       |       |       |    58 |   215 ||   273
         Swiftness         |       |       |       |       |     1 ||     1
         Leda's Unmaking   |       |       |       |       |    54 ||    54
 Invoke: Channel Magic     |       |       |       |     1 |     5 ||     6
  Evoke: Wand              |       |       |       |     7 |    12 ||    19
    Use: Scroll            |     7 |     3 |     6 |     3 |    14 ||    33
         Potion            |     1 |       |       |       |     8 ||     9
   Stab: Sleeping          |     8 |     9 |     5 |     2 |       ||    24
         Distracted        |     3 |     2 |     1 |       |       ||     6
         Paralysed         |       |       |       |     7 |       ||     7
 Armour: Leather armour    |    11 |    12 |    17 |       |       ||    40
         Steam dragon scal |       |       |       |    44 |   100 ||   144
  Dodge: Dodged            |    31 |    47 |   102 |   206 |   537 ||   923

Table legend: (Time is in decaauts)
 A = Elapsed time spent in this place.
 B = Non-inter-level travel time spent in this place.
 C = Inter-level travel time spent in this place.
 D = Time resting spent in this place.
 E = Time spent auto-exploring this place.
 F = Levels seen in this place.
 G = Mean time per level.
                   A        B        C        D        E       F      G
               +--------+--------+--------+--------+--------+-----+--------+
         Total |  29785 |  28624 |   1161 |  10445 |  12019 |  21 | 1418.3 |
       Dungeon |  14857 |  14098 |    759 |   3723 |   7211 |  13 | 1142.8 |
          Lair |   8082 |   7855 |    227 |   3015 |   3556 |   5 | 1616.4 |
  Orcish Mines |   5133 |   4959 |    174 |   2749 |   1129 |   2 | 2566.5 |
      Ice Cave |   1712 |   1712 |      0 |    958 |    122 |   1 | 1712.0 |
               +--------+--------+--------+--------+--------+-----+--------+

Top non-repeatable levels by time:
   Orc:2: 3511 daAuts
  Lair:5: 2058 daAuts
  Lair:4: 2005 daAuts
     D:9: 1964 daAuts
    D:10: 1748 daAuts
   IceCv: 1712 daAuts
     D:7: 1634 daAuts
   Orc:1: 1622 daAuts
  Lair:1: 1581 daAuts
     D:8: 1527 daAuts
  Lair:3: 1329 daAuts
    D:12: 1282 daAuts
    D:11: 1176 daAuts
  Lair:2: 1109 daAuts
     D:1: 1094 daAuts
